 Dungeon Crawl Stone Soup version 0.13-a0-2474-g552a472 (webtiles) character file.

1736 Rycklaryybbe the Covert (level 8, 0/38 HPs)
             Began as a Spriggan Assassin on July 18, 2013.
             Killed by nerve-wracking pain
             ... invoked by an orc priest
              (4 damage)
             ... on Level 4 of the Dungeon.
             The game lasted 00:33:39 (7084 turns).

Rycklaryybbe the Covert (Spriggan Assassin)         Turns: 7084, Time: 00:33:39

HP   0/38        AC  3     Str  7      XL: 8   Next: 31%
MP  20/20        EV 21     Int 13 (15) God:
Gold 434         SH  0     Dex 18      Spells:  0 memorised, 13 levels left

Res.Fire  : . . .   See Invis. : +   a - +3 dagger {=f}
Res.Cold  : . . .   Warding    : +   z - +0 robe (curse)
Life Prot.: + . .   Conserve   : .   (shield restricted)
Res.Poison: .       Res.Corr.  : .   (helmet restricted)
Res.Elec. : .       Clarity    : .   B - +0 cloak
Sust.Abil.: . .     Spirit.Shd : .   (gloves unavailable)
Res.Mut.  : .       Stasis     : .   (boots unavailable)
Res.Rott. : .       Flight     : .   x - amulet of warding
Saprovore : . . .                    (no ring)
                                     n - +1 ring of dexterity

@: very quick, somewhat resistant to hostile enchantments, extremely stealthy
A: unfitting armour, see invisible, herbivore 3, speed 3, slow metabolism 2
a: no special abilities


You were on level 4 of the Dungeon.
You were not hungry.

You visited 1 branch of the dungeon, and saw 5 of its levels.

You collected 384 gold pieces.

Inventory:

Hand weapons
 a - a +3,+3 dagger (weapon) {=f}
 b - a +0 blowgun
 l - a +2,+2 quarterstaff of chaos
Missiles
 e - 15 poisoned needles
 f - a curare-tipped needle
 q - 36 darts (quivered)
Armour
 c - a +0 robe
 d - a +0 cloak
 r - a +0 robe
 y - a +0 cloak
 z - a cursed +0 robe (worn)
 B - a +0 cloak (worn)
 F - a +0 orcish robe
Magical devices
 s - a wand of flame (16)
 w - a wand of disintegration (11) {unknown}
Comestibles
 o - 4 bread rations
 A - an orange
Scrolls
 g - 2 scrolls of curse armour
 j - 3 scrolls of remove curse
 k - a scroll of curse weapon
 m - a scroll of enchant weapon I
 t - 2 scrolls of recharging
 v - a scroll of fear
 E - 3 scrolls of identify
Jewellery
 n - a +1 ring of dexterity (left hand)
 x - an amulet of warding (around neck)


   Skills:
 - Level 1.5 Fighting
 + Level 4.7 Short Blades
 - Level 2.1 Throwing
 - Level 5.6 Dodging
 + Level 13.1 Stealth
 - Level 3.0 Spellcasting


You had 13 spell levels left.
You didn't know any spells.

Dungeon Overview and Level Annotations

Branches:
Dungeon (5/27)
 Temple: D:4-7

Altars:
Ashenzari
Yredelemnul

Shops:
D:4: *


Innate Abilities, Weirdness & Mutations

You are tiny and cannot use many weapons and most armour.
You have supernaturally acute eyesight.
You are a herbivore.
You cover ground extremely quickly.
You need consume almost no food.


Message History

You resist.
You hit the orc priest but do no damage.
The orc priest is severely wounded.
The orc priest closely misses you.
You hit the orc priest but do no damage.
The orc priest is severely wounded.
You hit the orc priest but do no damage.
The orc priest is severely wounded.
The orc priest invokes the aid of Beogh against you.
You resist.
You hit the orc priest.
The orc priest is severely wounded.
The orc priest calls down the wrath of Beogh upon you.
Something smites you!
* * * LOW HITPOINT WARNING * * *
You hit the orc priest but do no damage.
The orc priest is severely wounded.
The orc priest calls down the wrath of Beogh upon you.
Pain shoots through your body!
You die...

.................## ##.......#
..................###%.......#
...................#.........##
.....................<......#.#*
..............................##.
........................o.......#
...................#.........#.##
.................o###.......#.##
................@## ##......###
..................###.......#
...................#...###.##
...........(........>.....##
.........................##
......(........#......#.##
..............###....#.##
.............## ####..##
..............###.#..##


You could see an orc priest.

Vanquished Creatures
  The ghost of ilii the Gusty, an average TeAE of Vehumet (D:4)
  An orc warrior (D:4)
  An ice beast (D:5)
  4 ogres
  Sigmund (D:3)
  A crimson imp (D:5)
  A hound (D:5)
  Crazy Yiuf (D:3)
  2 orc priests (D:4)
  4 scorpions (D:5)
  2 orc wizards
  A worker ant (D:5)
  An iguana (D:4)
  Ijyb (D:5)
  Terence (D:2)
  A gnoll (D:1)
  7 adders
  5 worms
  3 giant geckos
  An ooze (D:4)
  16 orcs
  10 goblins
  7 hobgoblins
  6 kobolds
  4 quokkas
  3 ball pythons
  9 bats
  3 giant cockroaches
  A giant gecko skeleton (D:5)
  6 giant newts
  A giant newt skeleton (D:5)
  16 rats
  A plant (D:1)
123 creatures vanquished.

Vanquished Creatures (others)
  An orc (D:4)
1 creature vanquished.

Grand Total: 124 creatures vanquished

Notes
Turn   | Place    | Note
--------------------------------------------------------------
     0 | D:1      | Rycklaryybbe, the Spriggan Assassin, began the quest for the Orb.
     0 | D:1      | Reached XP level 1. HP: 10/10 MP: 1/1
    55 | D:1      | Reached skill level 6 in Stealth
   132 | D:1      | Reached XP level 2. HP: 9/14 MP: 3/3
   389 | D:1      | Reached skill level 7 in Stealth
   888 | D:1      | Reached XP level 3. HP: 16/18 MP: 5/5
  1203 | D:2      | Found a shattered altar of Ashenzari.
  1356 | D:2      | Noticed Terence
  1374 | D:2      | Killed Terence
  1374 | D:2      | Reached skill level 8 in Stealth
  1454 | D:2      | Reached XP level 4. HP: 22/22 MP: 7/7
  1733 | D:2      | Reached skill level 9 in Stealth
  1867 | D:2      | Paralysed by a potion of paralysis for 5 turns
  2404 | D:3      | Noticed Sigmund
  2406 | D:3      | Killed Sigmund
  2406 | D:3      | Reached skill level 10 in Stealth
  2406 | D:3      | Reached XP level 5. HP: 25/25 MP: 9/9
  2725 | D:3      | Noticed Crazy Yiuf
  2760 | D:3      | Killed Crazy Yiuf
  2912 | D:3      | Yermak: watching 2 SpAs now
  3381 | D:3      | Rycklaryybbe: maybe 10 stealth is ok by now?
  3637 | D:4      | Noticed ilii's ghost (average TeAE)
  3682 | D:4      | Noticed an orc warrior
  3872 | D:4      | Noticed an ogre
  3877 | D:4      | Killed an ogre
  3877 | D:4      | Reached skill level 11 in Stealth
  3877 | D:4      | Reached XP level 6. HP: 28/30 MP: 11/11
  3932 | D:4      | Found Miapt's Assorted Antiques.
  3987 | D:4      | Killed ilii's ghost
  4420 | D:5      | Entered Level 5 of the Dungeon
  4475 | D:5      | Reached XP level 7. HP: 34/34 MP: 13/13
  4581 | D:5      | Noticed Ijyb
  4793 | D:5      | Killed Ijyb
  4892 | D:5      | Reached skill level 5 in Dodging
  5089 | D:5      | Found a basalt altar of Yredelemnul.
  5429 | D:5      | Yermak: sorry, I watched another game
  5429 | D:5      | Rycklaryybbe: np
  5429 | D:5      | Yermak: did you raise stealth only?
  5429 | D:5      | Yermak: oh, this is trunk, I forgot
  5429 | D:5      | Rycklaryybbe: in the begining yes
  5429 | D:5      | Rycklaryybbe: yes.. trunk easy mod for stabbbers
  5429 | D:5      | Yermak: What do you need spellcasting for?
  5429 | D:5      | Rycklaryybbe: mm
  5429 | D:5      | Yermak: Have you found book already?
  5429 | D:5      | Rycklaryybbe: to cast spells without hunger
  5429 | D:5      | Rycklaryybbe: no :(
  5429 | D:5      | Yermak: then forget spellcasting
  5429 | D:5      | Rycklaryybbe: okay, turn off
  5429 | D:5      | Yermak: raise skills only when you actually need them
  5429 | D:5      | Rycklaryybbe: dodge maybe? and blades?
  5429 | D:5      | Rycklaryybbe: or stealth?
  5429 | D:5      | Yermak: there is never enough stealth (:
  5429 | D:5      | Rycklaryybbe: =))
  5429 | D:5      | Rycklaryybbe: true
  5429 | D:5      | Yermak: What god do you plan?
  5429 | D:5      | Rycklaryybbe: okay, i like stealth
  5429 | D:5      | Rycklaryybbe: oh
  5429 | D:5      | Rycklaryybbe: my plan..
  5429 | D:5      | Rycklaryybbe: i want stab
  5429 | D:5      | Rycklaryybbe: and cast necromancy
  5429 | D:5      | Yermak: then not TSO, lol
  5429 | D:5      | Rycklaryybbe: and fight without stab
  5429 | D:5      | Yermak: pain weapon brand are quite cool thing
  5429 | D:5      | Rycklaryybbe: never use it..
  5429 | D:5      | Yermak: get Kiku, then
  5429 | D:5      | Rycklaryybbe: okay, god is not a problem now:)
  5429 | D:5      | Yermak: You slay everything with high necro skill until you go Hells and Pan
  5429 | D:5      | Rycklaryybbe: what about skills?:)
  5474 | D:5      | Reached XP level 8. HP: 22/38 MP: 20/20
  5646 | D:5      | Yermak: in my case spells would be occasional Raise Skeleton, Regeneration and Vampiric Draining for healing and Agony for death yaks
  5649 | D:5      | Reached skill level 12 in Stealth
  5690 | D:5      | Yermak: and you kill only with your weapon
  5698 | D:5      | Rycklaryybbe: yes. i like it
  5698 | D:5      | Rycklaryybbe: thats what i want
  5836 | D:5      | Yermak: and when you don't rely on spells for killing you don't really care much about spell hunger
  5841 | D:5      | Rycklaryybbe: sounds logical :)
  5841 | D:5      | Rycklaryybbe: but this mean i should raise my fighting skill? and weapon?
  5850 | D:5      | Yermak: So it's ok having #####... hunger Agony and Dispel Undead
  5852 | D:5      | Yermak: yes
  6006 | D:5      | Yermak: you should find some draining or electrcution weapon before you got pain brand from Kiku
  6143 | D:4      | Yermak: for easy sliding
  6146 | D:4      | Yermak: usually it's hard to melee with sblades
  6146 | D:4      | Rycklaryybbe: my vpen found dagger with darin, and it works really well eve with amulet of innacurasy
  6191 | D:4      | Yermak: too many opponents at once
  6206 | D:4      | Yermak: when you saw warrior you should lure him away first
  6206 | D:4      | Rycklaryybbe: okay
  6207 | D:4      | Yermak: but you involved priest too in fight
  6371 | D:4      | Rycklaryybbe: warrior strong..
  6468 | D:4      | Killed an orc warrior
  6817 | D:4      | Reached skill level 13 in Stealth
  7084 | D:4      | Killed from afar by an orc priest

Action                   |  1- 3 |  4- 6 |  7- 9 || total
-------------------------+-------+-------+-------++-------
Melee: Dagger            |   166 |   129 |   293 ||   588
 Fire: Blowgun           |    17 |    12 |    46 ||    75
Throw: Dart              |       |    27 |    57 ||    84
Evoke: Wand              |       |     5 |       ||     5
  Use: Potion            |       |     4 |     6 ||    10
       Scroll            |       |    10 |     5 ||    15
 Stab: Sleeping          |    11 |    16 |     5 ||    32
       Distracted        |     1 |     1 |     1 ||     3
